 Dungeon Crawl Stone Soup version 0.29-a0-323-g050149af67 (webtiles) character file.

Game seed: 15866995901060442482

2274 GordonOverkill the Archer (level 9, -1/78 HPs)
             Began as a Deep Elf Hunter on Apr 12, 2022.
             Was a Follower of Ashenzari.
             Slain by a killer bee (3 damage)
             ... on level 7 of the Dungeon.
             The game lasted 00:16:04 (6945 turns).

GordonOverkill the Archer (Deep Elf Hunter)         Turns: 6945, Time: 00:16:05

Health: -1/78      AC: 24    Str: 18    XL:     9   Next: 16%
Magic:  11/11      EV:  2    Int: 15    God:    Ashenzari [*.....]
Gold:   302        SH:  0    Dex: 18    Spells: 8/8 levels left

rFire   . . .      SeeInvis .   a - +3 shortbow
rCold   . . .      Faith    .   (shield currently unavailable)
rNeg    . . .      Spirit   .   (body armour currently unavailable)
rPois   +          Reflect  .   (helmet currently unavailable)
rElec   .          Harm     .   (cloak currently unavailable)
rCorr   .          Rampage  .   (gloves currently unavailable)
Will    .....      Clarity  +   (boots currently unavailable)
Stlth   ++........ NoTele   +   s - amulet "Gaze Upon Infinity" {Regen+, Fort, Range} (curse)
HPRegen 1.03/turn               j - +6 ring of strength
MPRegen 0.12/turn               (no ring)

@: lethally poisoned (-1 -> -3), tree-form, studying Bows
A: stationary, stasis, torment immunity, boosted hp, (fangs 1), clarity
a: Renounce Religion, Curse Item, Shatter the Chains


You were on level 7 of the Dungeon.
You worshipped Ashenzari.
Ashenzari was aware of your devotion.
You were a tree.
You visited 2 branches of the dungeon, and saw 8 of its levels.

You collected 302 gold pieces.

Inventory:

Hand Weapons
 a - a +3 shortbow (weapon)
 p - a +2 dagger of speed
Armour
 r - a +0 plate armour (melded)
 t - the cursed +2 cloak "Enlightened Incredulity" (melded) {Cun, Bglg}
   (You found it on level 6 of the Dungeon)

   It has a curse which improves the following skills: Cunning: Dodging and
   Stealth.
   Beguiling: Conjurations, Hexes and Translocations.
Jewellery
 b - an amulet of the acrobat
 j - a +6 ring of strength (left branch)
 o - a ring of willpower
 s - the cursed amulet "Gaze Upon Infinity" (around neck) {Regen+, Fort, Range}
   (You found it on level 4 of the Dungeon)

   [amulet of regeneration]

   Regen:     It increases your rate of health regeneration.
   It has a curse which improves the following skills: Fortitude: Armour and
   Shields.
   Ranged Combat: Slings, Bows, Crossbows and Throwing.
Wands
 f - a wand of paralysis (7)
 l - a wand of acid (8)
 m - a wand of digging (4)
Scrolls
 c - 3 scrolls of immolation
 g - a scroll of magic mapping
 h - 3 scrolls of amnesia
 k - 2 scrolls of teleportation
Potions
 d - a potion of brilliance
 n - a potion of haste
 q - a potion of mutation


   Skills:
 + Level 3.9 Fighting
 + Level 11.8(12.6) Bows
 - Level 4.6(5.4) Armour
 - Level 5.2 Dodging
 - Level 1.2 Stealth
 + Level 4.6 Evocations


You had 8 spell levels left.
You didn't know any spells.
Your spell library contained the following spells:

 Spells                   Type           Power      Damage    Failure   Level
 Sting                    Tmut/Pois      0%         1d3       26%         1
 Call Imp                 Summ           0%         N/A       38%         2
 Static Discharge         Conj/Air       0%         N/A       38%         2
 Ozocubu's Armour         Ice            0%         N/A       63%         3
 Summon Guardian Golem    Hex/Summ       0%         N/A       63%         3
 Dispel Undead            Necr           0%         3d6       95%         4
 Hailstorm                Conj/Ice       0%         3d3       95%         4
 Ice Form                 Ice/Tmut       0%         N/A       95%         4
 Sticky Flame             Conj/Fire      0%         2d3       95%         4
 Simulacrum               Ice/Necr       0%         N/A       100%        6
 Ozocubu's Refrigeration  Ice            0%         4d5       100%        7
 Spellforged Servitor     Conj/Summ      0%         N/A       100%        7


Dungeon Overview and Level Annotations

Branches:
Dungeon (7/15)             Temple (1/1) D:4

Altars:
Ashenzari
Cheibriados
Dithmenos
Elyvilon
Fedhas
Hepliaklqana
Makhleb
Nemelex Xobeh
Qazlal
Ru
Sif Muna
Uskayaw
Vehumet
Wu Jian
Xom
Yredelemnul
Zin

Shops:
D:1 :

Annotations:
D:2 1 runed translucent door, Crazy Yiuf
D:7 Duvessa, Menkaure


Innate Abilities, Weirdness & Mutations

You are a tree.
Your roots penetrate the ground, keeping you stationary.
You cannot be teleported.
You are immune to unholy pain and torment.
Your maximum health is greatly increased.
Your equipment is partially melded.
((You have very sharp teeth.))
You possess an exceptional clarity of mind.


Message History

The killer bee closely misses you.
Unknown command.
Okay, then.
Really quaff the potion of lignification?
You turn into a tree.
The cursed +2 cloak "Enlightened Incredulity" {Cun, Bglg} melds into your body.
Your +0 plate armour melds into your body.
Your roots penetrate the ground.
You feel sick. The killer bee barely misses you.
The killer bee stings you but does no damage. x4
Unknown command.
Aiming: Corrosive Bolt
Press: ? - help, Shift-Dir - straight line, f - Duvessa, p - killer bee
Aim: Duvessa, wielding a +0 short sword and wearing a +0 chain mail (84% to hit)
The bolt of acid misses the killer bee.
The bolt of acid hits Duvessa!!
Duvessa is severely wounded.
You feel sick.
The killer bee stings you but does no damage. x2
The killer bee stings you.
* * * LOW HITPOINT WARNING * * *
You are more poisoned.
The killer bee poisons you!
Duvessa says, "My weaknesses are his strengths!"
The killer bee stings you but does no damage.
The killer bee stings you.
* * * LOW HITPOINT WARNING * * *
The killer bee stings you but does no damage.
Okay, then.
Aiming: Corrosive Bolt
Press: ? - help, Shift-Dir - straight line, f/p - Duvessa
Aim: Duvessa, wielding a +0 short sword and wearing a +0 chain mail (severely wounded, 84% to hit)
The bolt of acid misses the killer bee.
The bolt of acid hits Duvessa!
The acid corrodes Duvessa!
Duvessa is almost dead.
You feel sick. The killer bee stings you.
* * * LOW HITPOINT WARNING * * *
The killer bee stings you.
* * * LOW HITPOINT WARNING * * *
The killer bee completely misses you. The killer bee stings you.
You die...

#......#...# ........
#......###.# ##########......
#........#.###........#.:e..#
#........'...#........#....M#
#........#...#........#.....#
#........#...#........#....!#
#........#...#........+.....#
#........#...#..yy....#.....#
#........#####).♣y.e..M.....+
#######.......########.######
#.......# #... #.......#
#..... #.......# #.....#
#.......# #.....# #.......#
#.....# #######÷......#
#.....# #.........#####


You could see Duvessa (corroded), Menkaure and 3 killer bees.

Vanquished Creatures
  Grinder (D:6)
  Sigmund (D:6)
  Eustachio (D:6)
  A water moccasin (D:7)
  3 ice beasts
  2 sky beasts
  A black bear (D:4)
  2 ogres
  A centaur (D:6)
  A phantom (D:6)
  A kobold brigand (D:6)
  2 scorpions
  3 wights (D:7)
  A jelly (D:5)
  2 orc priests (D:5)
  Ijyb (D:5)
  3 iguanas
  An orc wizard (D:3)
  6 gnolls
  8 adders
  A shadow imp (D:6)
  A white imp (D:5)
  2 ufetubi
  2 worms
  5 dart slugs
  8 orcs
  5 endoplasms
  4 giant cockroaches
  6 goblins
  8 hobgoblins
  4 jackals (D:1)
  3 quokkas
  7 ball pythons
  6 bats
  2 frilled lizards
  10 kobolds
  4 rats
120 creatures vanquished.

Vanquished Creatures (others)
  8 plants (D:5)
8 creatures vanquished.

Grand Total: 128 creatures vanquished

Notes
Turn   | Place    | Note
-------+----------+-------------------------------------------
     0 | D:1      | GordonOverkill the Deep Elf Hunter began the quest for the
                  | Orb.
     0 | D:1      | Reached XP level 1. HP: 12/12 MP: 3/3
   121 | D:1      | Reached skill level 6 in Bows
   121 | D:1      | Reached XP level 2. HP: 16/16 MP: 4/4
   300 | D:1      | Got Erchepit's Reference Book on Cankerous Creation
   301 | D:1      | Found Okupsez's Book Emporium.
   334 | D:1      | Reached XP level 3. HP: 20/20 MP: 5/5
   395 | D:1      | Found a faded altar of an unknown god.
   967 | D:2      | Reached skill level 7 in Bows
  1227 | D:2      | Reached XP level 4. HP: 21/25 MP: 6/6
  1588 | D:2      | Found a runed translucent door.
  1589 | D:2      | Noticed Crazy Yiuf
  2025 | D:3      | Reached skill level 1 in Armour
  2088 | D:3      | Found a faded altar of an unknown god.
  2132 | D:3      | Reached XP level 5. HP: 7/29 MP: 7/7
  2288 | D:3      | Reached skill level 8 in Bows
  2510 | D:3      | Found a radiant altar of Vehumet.
  2909 | D:4      | Found a shadowy altar of Dithmenos.
  3095 | D:4      | Found a white marble altar of Elyvilon.
  3192 | D:4      | Found an ornate altar of the Wu Jian Council.
  3638 | D:4      | Found a staircase to the Ecumenical Temple.
  3656 | D:4      | Noticed a black bear
  4163 | D:4      | Gained mutation: You possess an exceptional clarity of
                  | mind. [potion of mutation]
  4163 | D:4      | Gained mutation: You have very sharp teeth. [potion of
                  | mutation]
  4354 | D:4      | Killed a black bear
  4355 | D:4      | Reached XP level 6. HP: 28/34 MP: 8/8
  4626 | Temple   | Entered the Ecumenical Temple
  4697 | Temple   | Became a worshipper of Ashenzari the Shackled
  4722 | D:5      | Entered Level 5 of the Dungeon
  4791 | D:5      | Found a snail-covered altar of Cheibriados.
  4826 | D:5      | Reached skill level 9 in Bows
  4876 | D:5      | Found a hazy altar of Hepliaklqana.
  4879 | D:5      | Noticed an ice beast
  4886 | D:5      | Killed an ice beast
  4887 | D:5      | Reached XP level 7. HP: 31/38 MP: 9/9
  4927 | D:5      | Noticed Ijyb
  4935 | D:5      | Killed Ijyb
  5189 | D:5      | Reached skill level 10 in Bows
  5395 | D:5      | Found a hide-covered altar of Uskayaw.
  5625 | D:6      | Reached skill level 1 in Evocations
  5733 | D:6      | Noticed Sigmund
  5738 | D:6      | Killed Sigmund
  5739 | D:6      | Reached XP level 8. HP: 44/44 MP: 10/10
  5815 | D:6      | Noticed Grinder
  5826 | D:6      | Killed Grinder
  5849 | D:6      | Noticed Eustachio
  5894 | D:6      | Killed Eustachio
  5922 | D:6      | Reached * piety under Ashenzari
  5922 | D:6      | Identified a scroll of acquirement
  6204 | D:6      | Found a sacrificial altar of Ru.
  6342 | D:6      | Reached skill level 11 in Bows
  6342 | D:6      | Reached skill level 5 in Dodging
  6621 | D:6      | Acquired a manual of Bows
  6695 | D:7      | Reached XP level 9. HP: 24/52 MP: 11/11
  6935 | D:7      | Noticed Duvessa
  6935 | D:7      | Noticed Menkaure
  6945 | D:7      | HP: 2/78 [killer bee (6)]
  6945 | D:7      | Slain by a killer bee

Illustrated notes

Levels and vault maps discovered:
D:1:      lemuel_arrival_rhombus, layout_basic, serial_shops,
          nicolae_shop_stone, hellmonk_ecumenical_altar_blasted
D:2:      layout_loops_ring, kennysheep_another_room, uniq_crazy_yiuf_cottage
D:3:      layout_basic, nicolae_overflow_ecumenical_swirl, minmay_misc_feat_rows
D:4:      layout_basic, nicolae_overflow_crystal_walls,
          pdpol_wu_jian_five_deadly_venoms, nicolae_elyvilon_peaceful_grove,
          minmay_temple_entry_offerings, kennysheep_generic_room_11
D:5:      layout_basic, nicolae_uskayaw_suspiria,
          mainiacjoe_overflow_concentric_impassable,
          nicolae_hepliaklqana_hazy_memory, uniq_ijyb
D:6:      layout_cave_pods, nicolae_ru_the_path_less_chosen, uniq_sigmund,
          uniq_grinder, uniq_eustachio
D:7:      layout_gridville, trog_butcher_becter, lemuel_round_altar,
          uniq_menkaure, uniq_duvessa
Temple:   dpeg_three_leaves_temple

Skill      XL: |  1  2  3  4  5  6  7  8 |
---------------+-------------------------+-----
Bows           | 6 7 8 9 10 11 | 11.8
Armour         | 1 2 3 4 |  4.6
Evocations     | 1 4 |  4.6
Fighting       | 2 3 |  3.9
Dodging        | 3 5 |  5.2
Stealth        | |  1.2

Action                   |  1- 3 |  4- 6 |  7- 9 || total
-------------------------+-------+-------+-------++-------
 Fire: Shortbow          |    93 |   131 |   232 ||   456
Invok: Curse Item        |       |       |     2 ||     2
Evoke: Wand              |       |       |     7 ||     7
  Use: Scroll            |     6 |     6 |     1 ||    13
       Potion            |       |     5 |     1 ||     6
Armor: Leather armour    |     7 |       |       ||     7
       Chain mail        |     1 |    31 |    20 ||    52
       Plate armour      |       |       |   188 ||   188
       Skin              |       |       |     8 ||     8
Dodge: Dodged            |    14 |    24 |   105 ||   143

Table legend: (Time is in decaauts)
 A = Elapsed time spent in this place.
 B = Non-inter-level travel time spent in this place.
 C = Inter-level travel time spent in this place.
 D = Time resting spent in this place.
 E = Time spent auto-exploring this place.
 F = Levels seen in this place.
 G = Mean time per level.
                   A        B        C        D        E       F      G
               +--------+--------+--------+--------+--------+-----+--------+
         Total |   7161 |   6725 |    436 |   1321 |   3985 |   8 |  895.1 |
       Dungeon |   7077 |   6652 |    425 |   1321 |   3927 |   7 | 1011.0 |
        Temple |     83 |     72 |     11 |      0 |     58 |   1 |   83.0 |
               +--------+--------+--------+--------+--------+-----+--------+

Top non-repeatable levels by time:
     D:4: 1680 daAuts
     D:6: 1205 daAuts
     D:3: 1141 daAuts
     D:2: 1048 daAuts
     D:1: 870 daAuts
     D:5: 813 daAuts
     D:7: 317 daAuts
  Temple: 83 daAuts
